 Dungeon Crawl Stone Soup version 0.27.0-1-g7a089689b8 (webtiles) character file.

Game seed: 16750005159768207089

18 Spectrina the Ducker (level 2, -1/18 HPs)
             Began as a Deep Elf Monk on Aug 8, 2021.
             Was a Believer of Elyvilon.
             Slain by an iguana (7 damage)
             ... on level 4 of the Dungeon.
             The game lasted 00:06:35 (542 turns).

Spectrina the Ducker (Deep Elf Monk)                 Turns: 542, Time: 00:06:36

Health: -1/18      AC:  2    Str:  8    XL:     2   Next: 48%
Magic:  7/7        EV: 13    Int: 14    God:    Elyvilon [**....]
Gold:   7          SH:  0    Dex: 17    Spells: 5/5 levels left

rFire    . . .     SeeInvis .   a - +0 short sword
rCold    . . .     Faith    .   (no shield)
rNeg     . . .     Spirit   .   d - +0 robe
rPois    .         Reflect  .   (no helmet)
rElec    .         Harm     .   (no cloak)
rCorr    .         Rampage  .   (no gloves)
Will     .....                  (no boots)
Stlth    ++........             (no amulet)
HPRegen  0.06/turn              (no ring)
MPRegen  0.10/turn              (no ring)

@: no status effects
A: no striking features
a: Renounce Religion, Lesser Healing, Heal Other, Divine Protection


You were on level 4 of the Dungeon.
You worshipped Elyvilon.
Elyvilon was pleased with you.
You visited 2 branches of the dungeon, and saw 5 of its levels.

You collected 56 gold pieces.
You spent 49 gold pieces at shops.

Inventory:

Hand Weapons
 a - a +0 short sword (weapon)
 b - a +0 dagger
Missiles
 e - 12 arrows
 g - 22 stones (quivered)
Armour
 d - a +0 robe (worn)
Jewellery
 i - a ring of see invisible
Scrolls
 h - a scroll of noise {unknown}
 j - a scroll of summoning {unknown}
 l - a scroll of acquirement
Potions
 c - 2 potions of curing {unknown}
 k - a potion of brilliance {unknown}


   Skills:
 - Level 2.4 Fighting
 - Level 3.0 Short Blades
 - Level 3.6 Dodging
 - Level 2.4 Stealth
 + Level 2.0 Spellcasting
 + Level 1.6 Invocations


You had 5 spell levels left.
You didn't know any spells.
Your spell library was empty.

Dungeon Overview and Level Annotations

Branches:
Dungeon (4/15)             Temple (1/1) D:4

Altars:
Cheibriados
Elyvilon
Gozag
Hepliaklqana
Kikubaaqudgha
Ru
Sif Muna
Trog
The Shining One

Shops:
D:4 =*(


Message History

You kneel at the altar of Elyvilon.
Unknown command.
Press < or > to pray at altars.
You kneel at the altar of Elyvilon.
Elyvilon welcomes you!
You can now provide lesser healing for yourself.
You can now call on Elyvilon to save your life.
You can now heal and attempt to pacify others.
Okay, then.
As you read the scroll labelled PON LONLEJUP, it crumbles to dust.
It is a scroll of identify.
l - a scroll of acquirement Unknown command.
Unknown command.
Unknown command.
Okay, then.
Okay, then.
Adjust (i)tems, (s)pells, or (a)bilities?
Adjust which ability? a - Lesser Healing Adjust to which letter? m - Lesser Healing Adjust (i)tems, (s)pells, or (a)bilities?
Adjust which ability? b - Heal Other Adjust to which letter? h - Heal Other
There is a staircase back to the Dungeon here.
Okay, then.
Okay, then.
You climb upwards.
Welcome back to the Dungeon!
The iguana bites you!
Ouch! That really hurt!
The iguana misses you.
There is a staircase to the Ecumenical Temple, spattered with blood here.
Unknown command.
Press: ? - help, Dir - move target, f - iguana Heal: an iguana (chance to pacify: 64%)
You fail to use your ability.
The iguana bites you!
You die...

........ .......
...l...##.......
........#....∩#
......#.....#
#.........##.
#...#.#......
#####..#.#.#.....
###.....#.#.#.#.###
#.'......#.@l#.....
#.#.....#.#(#.#.### .
#.#......#.#.#..# .
#.#.......#.#...# #####
#.###...........# ..#..
#.#
#.........##########.##.
#.# #..........
......#.##. #.#
#........... .....#.##.
#.# l....######.#......


You could see 2 iguanas.

Vanquished Creatures
  An adder (D:3)
  An endoplasm (D:3)
  3 giant cockroaches
  A hobgoblin (D:3)
  A frilled lizard (D:2)
  2 rats (D:2)
9 creatures vanquished.

Notes
Turn   | Place    | Note
-------+----------+-------------------------------------------
     0 | D:1      | Spectrina the Deep Elf Monk began the quest for the Orb.
     0 | D:1      | Reached XP level 1. HP: 13/13 MP: 3/3
    10 | D:1      | Noticed a minotaur zombie
    13 | D:1      | Noticed a merfolk zombie
   143 | D:3      | Reached skill level 1 in Spellcasting
   168 | D:2      | Reached skill level 1 in Invocations
   236 | D:3      | Found a snail-covered altar of Cheibriados.
   297 | D:3      | Reached XP level 2. HP: 18/18 MP: 5/7
   318 | D:4      | Found Enuupru's Weapon Emporium.
   353 | D:4      | Found Xuysaf's Assorted Antiques.
   357 | D:4      | Bought a scroll labelled GAYQIH PIEDE for 17 gold pieces
   357 | D:4      | Bought a dark potion for 15 gold pieces
   357 | D:4      | Bought a scroll labelled IFIPLU FAUNAHAURA for 17 gold
                  | pieces
   484 | D:4      | Found a staircase to the Ecumenical Temple.
   489 | D:4      | Found Tecifod's Jewellery Shop.
   494 | Temple   | Entered the Ecumenical Temple
   517 | Temple   | Became a worshipper of Elyvilon the Healer
   517 | Temple   | Reached * piety under Elyvilon
   517 | Temple   | Reached ** piety under Elyvilon
   542 | D:4      | Slain by an iguana

Illustrated notes

Levels and vault maps discovered:
D:1:      shiori_arrival_whats_in_store_for_you, layout_rooms,
          shapermc_ecumenical_altar_mp_highgroup
D:2:      layout_basic, uniq_jessica
D:3:      cheibrodos_greedy_goblins, layout_loops_corners, cheibriados_altar_2,
          chequers_serial_rivers_micro_d
D:4:      layout_basic, mainiacjoe_overflow_alcove_4, minmay_temple_entry_grid,
          serial_shops, shop, nicolae_lakefront_shop, nicolae_shop_stone, shop,
          grunt_decor_clamped, nrook_campfire, minmay_crystal_water
Temple:   regret_index_temple_sphere_string

Skill      XL: |  1 |
---------------+----+-----
Spellcasting   | 2 |  2.0
Invocations    | 1 |  1.6
Fighting       | |  2.4
Short Blades   | |  3.0
Dodging        | |  3.6
Stealth        | |  2.4

Action                   || total
-------------------------++-------
Melee: Short sword       ||    11
  Use: Scroll            ||     1
 Stab: Sleeping          ||     6
Dodge: Dodged            ||     2
